3260 views
Uploaded 2020-07-18 04:42:10
Game version 1.32.6 / 1.32.7
40:43 long 4on4 ladder game on (8)Battleground_LV
Saved by BEARAND
3260 views
Uploaded 2020-07-18 04:42:10
Game version 1.32.6 / 1.32.7
40:43 long 4on4 ladder game on (8)Battleground_LV


229 units @ 31.3k
/ 5.5k
141 buildings @ 16k
/ 6.2k



| Scroll of Regeneration | 7 | 700 |
| Lesser Clarity Potion | 12 | 840 |
| Mechanical Critter | 2 | 100 |
| Staff of Sanctuary | 3 | 750 |
| Scroll of Town Portal | 6 | 2100 |
| Boots of Speed | 1 | 250 |
| Staff of Teleportation | 2 | 300 |
| Potion of Invisibility | 2 | 200 |
| Potion of Lesser Invulnerability | 1 | 150 |
| Healing Salve | 1 | 100 |
| total: | 37 | 5490g |
| Peasant | 16 | 1200 | / | 0 |
| Mortar Team | 8 | 1440 | / | 560 |
| Flying Machine | 24 | 2400 | / | 720 |
| Siege Engine | 1 | 195 | / | 60 |
| total: | 49 | 5235g | / | 1340w |
| Scout Tower | 1 | 30 | / | 20 |
| Arcane Tower | 1 | 70 | / | 50 |
| Altar of Kings | 1 | 180 | / | 50 |
| Farm | 8 | 640 | / | 160 |
| Arcane Vault | 1 | 130 | / | 30 |
| Lumber Mill | 1 | 120 | / | 0 |
| Blacksmith | 1 | 140 | / | 60 |
| Town Hall | 2 | 770 | / | 410 |
| Workshop | 3 | 420 | / | 420 |
| Keep | 1 | 320 | / | 210 |
| Castle | 1 | 360 | / | 210 |
| total: | 18 | 2430g | / | 1150w |
| 0:03 | Peasant |
| 0:03 | Peasant |
| 0:08 | Altar of Kings |
| 0:14 | Farm |
| 0:17 | Peasant |
| 0:40 | Arcane Vault |
| 0:44 | Peasant |
| 0:57 | Peasant |
| 1:18 | Farm |
| 1:43 | Peasant |
| 1:47 | Scroll of Regeneration |
| 1:47 | Lesser Clarity Potion |
| 1:48 | Lesser Clarity Potion |
| 1:48 | Mechanical Critter |
| 1:48 | Mechanical Critter |
| 1:53 | Farm |
| 1:56 | Flame Strike |
| 2:06 | Lumber Mill |
| 2:09 | Scout Tower |
| 2:24 | Peasant |
| 2:25 | Peasant |
| 2:43 | Arcane Tower |
| 3:06 | Peasant |
| 3:06 | Peasant |
| 3:06 | Peasant |
| 3:57 | Boots of Speed |
| 3:57 | Staff of Teleportation |
| 4:10 | Keep |
| 4:29 | Scroll of Regeneration |
| 4:30 | Lesser Clarity Potion |
| 4:44 | Blacksmith |
| 5:42 | Farm |
| 6:18 | Lesser Clarity Potion |
| 6:18 | Healing Salve |
| 6:21 | Lesser Clarity Potion |
| 6:25 | Farm |
| 6:34 | Workshop |
| 6:34 | Workshop |
| 6:48 | Workshop |
| 6:57 | Improved Lumber Harvesting |
| 6:58 | Farm |
| 7:30 | Blizzard |
| 7:54 | Mortar Team |
| 8:12 | Farm |
| 8:17 | Mortar Team |
| 8:30 | Mortar Team |
| 8:35 | Lesser Clarity Potion |
| 8:35 | Scroll of Regeneration |
| 8:53 | Farm |
| 9:04 | Mortar Team |
| 9:20 | Mortar Team |
| 9:49 | Castle |
| 10:09 | Scroll of Regeneration |
| 10:44 | Siphon Mana |
| 10:51 | Potion of Invisibility |
| 10:53 | Scroll of Town Portal |
| 11:31 | Flying Machine |
| 11:31 | Flying Machine |
| 11:32 | Flying Machine |
| 11:47 | Flying Machine |
| 12:00 | Staff of Teleportation |
| 12:11 | Flying Machine |
| 12:46 | Flying Machine |
| 12:46 | Flying Machine |
| 13:01 | Scroll of Regeneration |
| 13:08 | Lesser Clarity Potion |
| 13:09 | Lesser Clarity Potion |
| 13:30 | Potion of Invisibility |
| 13:42 | Potion of Lesser Invulnerability |
| 14:00 | Scroll of Town Portal |
| 14:36 | Brilliance Aura |
| 14:54 | Flying Machine |
| 15:03 | Lesser Clarity Potion |
| 15:05 | Staff of Sanctuary |
| 15:31 | Scroll of Town Portal |
| 16:28 | Flying Machine |
| 16:48 | Flying Machine |
| 17:16 | Holy Light |
| 17:19 | Scroll of Town Portal |
| 17:24 | Flame Strike |
| 17:45 | Staff of Sanctuary |
| 18:02 | Flying Machine Bombs |
| 18:41 | Brilliance Aura |
| 18:53 | Flying Machine |
| 19:26 | Flying Machine |
| 19:27 | Iron Plating |
| 19:28 | Black Gunpowder |
| 20:03 | Divine Shield |
| 20:35 | Banish |
| 21:03 | Blizzard |
| 21:07 | Town Hall |
| 21:15 | Flying Machine |
| 21:31 | Flying Machine |
| 21:31 | Flying Machine |
| 21:44 | Flying Machine |
| 22:29 | Holy Light |
| 22:51 | Peasant |
| 23:09 | Lesser Clarity Potion |
| 23:09 | Staff of Sanctuary |
| 23:41 | Scroll of Regeneration |
| 23:48 | Flying Machine |
| 23:58 | Lesser Clarity Potion |
| 24:04 | Scroll of Town Portal |
| 24:13 | Flying Machine |
| 24:29 | Barrage |
| 24:31 | Flying Machine |
| 24:46 | Flying Machine |
| 25:31 | Scroll of Regeneration |
| 25:32 | Scroll of Town Portal |
| 25:36 | Flying Machine |
| 25:59 | Flying Machine |
| 26:02 | Flying Machine |
| 26:16 | Flying Machine |
| 26:23 | Devotion Aura |
| 29:47 | Lesser Clarity Potion |
| 31:08 | Holy Light |
| 31:13 | Flame Strike |
| 34:51 | Siege Engine |
| 35:35 | Town Hall |
| 37:02 | Mortar Team |
| 37:02 | Mortar Team |
| 37:02 | Mortar Team |
| 37:41 | Brilliance Aura |
| 38:45 | Resurrection |
| 39:12 | Summon Phoenix |
| 39:21 | Peasant |
| 39:21 | Peasant |
| 40:22 | Peasant |
| 40:22 | Peasant |
| Right click | 1462 |
| Select group | 1239 |
| Select | 739 |
| Use ability | 189 |
| Build/train/purchase | 164 |
| Chat | 148 |
| Misc. action | 137 |
| Assign group | 31 |
| Minimap ping | 21 |
| Item give/drop | 7 |
| Resource trade | 5 |

| Healing Salve | 5 | 500 |
| Lesser Clarity Potion | 5 | 350 |
| Tiny Great Hall | 1 | 600 |
| Orb of Lightning | 1 | 375 |
| Potion of Mana | 1 | 200 |
| Scroll of Town Portal | 2 | 700 |
| Scroll of Regeneration | 1 | 100 |
| Orb of Corruption | 1 | 375 |
| total: | 17 | 3200g |
| Peon | 21 | 1575 | / | 0 |
| Troll Headhunter | 9 | 1260 | / | 180 |
| Troll Berserker | 56 | 7840 | / | 1120 |
| total: | 86 | 10675g | / | 1300w |
| Watch Tower | 2 | 220 | / | 160 |
| Altar of Storms | 1 | 180 | / | 50 |
| Orc Burrow | 10 | 1600 | / | 400 |
| War Mill | 1 | 205 | / | 0 |
| Voodoo Lounge | 1 | 130 | / | 30 |
| Barracks | 3 | 540 | / | 150 |
| Great Hall | 2 | 770 | / | 370 |
| Stronghold | 1 | 315 | / | 190 |
| Fortress | 1 | 325 | / | 190 |
| total: | 20 | 3645g | / | 1160w |
| 0:04 | Peon |
| 0:04 | Peon |
| 0:06 | Altar of Storms |
| 0:08 | Orc Burrow |
| 0:22 | Peon |
| 0:48 | Peon |
| 0:52 | War Mill |
| 1:02 | Peon |
| 1:12 | Voodoo Lounge |
| 1:19 | Peon |
| 1:32 | Peon |
| 1:47 | Peon |
| 2:03 | Steel Ranged Weapons |
| 2:04 | Peon |
| 2:09 | Wind Walk |
| 2:16 | Barracks |
| 2:22 | Orc Burrow |
| 2:40 | Peon |
| 2:59 | Steel Armor |
| 3:09 | Barracks |
| 3:19 | Peon |
| 4:02 | Stronghold |
| 4:15 | Troll Headhunter |
| 4:32 | Troll Headhunter |
| 4:44 | Troll Headhunter |
| 4:57 | Troll Headhunter |
| 5:14 | Orc Burrow |
| 5:25 | Critical Strike |
| 6:28 | Great Hall |
| 6:30 | Fortress |
| 6:31 | Thorium Ranged Weapons |
| 6:40 | Healing Salve |
| 6:51 | Lesser Clarity Potion |
| 6:58 | Troll Regeneration |
| 7:11 | Troll Headhunter |
| 7:32 | Troll Headhunter |
| 7:56 | Wind Walk |
| 8:02 | Scroll of Regeneration |
| 8:09 | Troll Headhunter |
| 8:09 | Troll Headhunter |
| 8:38 | Troll Headhunter |
| 8:47 | Orc Burrow |
| 8:54 | Berserker Upgrade |
| 9:12 | Thorium Armor |
| 10:31 | Critical Strike |
| 10:41 | Tiny Great Hall |
| 11:09 | Orc Burrow |
| 11:18 | Arcanite Ranged Weapons |
| 11:35 | Peon |
| 11:36 | Peon |
| 11:36 | Peon |
| 11:36 | Peon |
| 11:54 | Troll Berserker |
| 12:18 | Watch Tower |
| 12:19 | Watch Tower |
| 12:21 | Peon |
| 12:21 | Peon |
| 13:05 | Orc Burrow |
| 13:09 | Orb of Corruption |
| 13:30 | Arcanite Armor |
| 13:32 | Troll Berserker |
| 13:35 | Troll Berserker |
| 14:14 | Troll Berserker |
| 14:17 | Orc Burrow |
| 14:23 | Wind Walk |
| 14:44 | Orb of Lightning |
| 14:48 | Healing Salve |
| 14:55 | Troll Berserker |
| 14:58 | Healing Salve |
| 15:07 | Scroll of Town Portal |
| 15:11 | Orc Burrow |
| 15:22 | Troll Berserker |
| 16:00 | Troll Berserker |
| 16:31 | Troll Berserker |
| 16:58 | Troll Berserker |
| 17:29 | Troll Berserker |
| 17:46 | Troll Berserker |
| 17:50 | Orc Burrow |
| 18:38 | Troll Berserker |
| 18:39 | Reinforced Defenses |
| 18:40 | Spiked Barricades |
| 19:26 | Troll Berserker |
| 19:27 | Troll Berserker |
| 19:32 | Orc Burrow |
| 19:33 | Troll Berserker |
| 19:57 | Bladestorm |
| 20:01 | Troll Berserker |
| 20:37 | Troll Berserker |
| 20:39 | Steel Melee Weapons |
| 21:16 | Troll Berserker |
| 21:29 | Healing Salve |
| 21:39 | Troll Berserker |
| 21:41 | Potion of Mana |
| 21:48 | Healing Salve |
| 22:06 | Troll Berserker |
| 22:21 | Troll Berserker |
| 22:46 | Troll Berserker |
| 23:38 | Troll Berserker |
| 24:03 | Troll Berserker |
| 24:15 | Great Hall |
| 24:19 | Troll Berserker |
| 24:19 | Troll Berserker |
| 24:29 | Troll Berserker |
| 24:29 | Troll Berserker |
| 25:02 | Troll Berserker |
| 25:11 | Improved Spiked Barricades |
| 25:24 | Troll Berserker |
| 25:25 | Troll Berserker |
| 25:34 | Barracks |
| 25:46 | Troll Berserker |
| 25:49 | Scroll of Town Portal |
| 26:47 | Critical Strike |
| 26:56 | Troll Berserker |
| 26:59 | Peon |
| 26:59 | Peon |
| 26:59 | Peon |
| 26:59 | Peon |
| 27:26 | Troll Berserker |
| 27:31 | Troll Berserker |
| 28:20 | Troll Berserker |
| 28:42 | Troll Berserker |
| 29:03 | Troll Berserker |
| 29:11 | Lesser Clarity Potion |
| 29:33 | Troll Berserker |
| 30:25 | Troll Berserker |
| 32:05 | Troll Berserker |
| 32:31 | Troll Berserker |
| 32:49 | Troll Berserker |
| 33:04 | Troll Berserker |
| 33:09 | Lesser Clarity Potion |
| 33:21 | Troll Berserker |
| 33:51 | Troll Berserker |
| 34:15 | Troll Berserker |
| 34:36 | Troll Berserker |
| 34:36 | Troll Berserker |
| 34:56 | Troll Berserker |
| 35:30 | Troll Berserker |
| 35:58 | Troll Berserker |
| 36:20 | Lesser Clarity Potion |
| 36:23 | Lesser Clarity Potion |
| 36:28 | Troll Berserker |
| 36:53 | Troll Berserker |
| 37:42 | Mirror Image |
| 37:49 | Troll Berserker |
| 39:18 | Troll Berserker |
| Right click | 1118 |
| Select | 802 |
| Build/train/purchase | 248 |
| Chat | 188 |
| Misc. action | 116 |
| Use ability | 22 |
| Item give/drop | 2 |
| Minimap ping | 2 |
| Esc | 1 |
BEARAND
(40:47) : 
| Scroll of Regeneration | 1 | 100 |
| Mechanical Critter | 214 | 10700 |
| Potion of Healing | 1 | 150 |
| Lesser Clarity Potion | 1 | 70 |
| Boots of Speed | 1 | 250 |
| Staff of Teleportation | 1 | 150 |
| total: | 219 | 11420g |
| Peasant | 15 | 1125 | / | 0 |
| total: | 15 | 1125g | / | 0w |
| Scout Tower | 50 | 1500 | / | 1000 |
| Guard Tower | 34 | 2380 | / | 1700 |
| Arcane Tower | 1 | 70 | / | 50 |
| Altar of Kings | 1 | 180 | / | 50 |
| Farm | 2 | 160 | / | 40 |
| Arcane Vault | 16 | 2080 | / | 480 |
| Lumber Mill | 1 | 120 | / | 0 |
| Town Hall | 1 | 385 | / | 205 |
| Keep | 1 | 320 | / | 210 |
| Castle | 1 | 360 | / | 210 |
| total: | 71 | 4425g | / | 1775w |
| 0:05 | Peasant |
| 0:05 | Peasant |
| 0:05 | Peasant |
| 0:12 | Altar of Kings |
| 0:22 | Farm |
| 0:33 | Peasant |
| 0:41 | Scout Tower |
| 0:46 | Farm |
| 0:50 | Peasant |
| 1:04 | Arcane Vault |
| 1:10 | Lumber Mill |
| 1:31 | Peasant |
| 1:31 | Peasant |
| 1:31 | Peasant |
| 1:42 | Peasant |
| 1:42 | Peasant |
| 1:44 | Scout Tower |
| 1:48 | Scout Tower |
| 1:55 | Arcane Vault |
| 2:19 | Chemical Rage |
| 2:25 | Guard Tower |
| 2:28 | Peasant |
| 2:29 | Peasant |
| 2:29 | Peasant |
| 2:33 | Arcane Tower |
| 3:09 | Guard Tower |
| 3:10 | Peasant |
| 3:10 | Peasant |
| 3:12 | Scout Tower |
| 3:13 | Scout Tower |
| 3:14 | Scout Tower |
| 3:53 | Guard Tower |
| 3:56 | Arcane Vault |
| 3:57 | Arcane Vault |
| 3:58 | Arcane Vault |
| 4:12 | Boots of Speed |
| 4:37 | Guard Tower |
| 4:38 | Keep |
| 4:40 | Scout Tower |
| 4:41 | Scout Tower |
| 4:51 | Scroll of Regeneration |
| 5:05 | Arcane Vault |
| 5:11 | Guard Tower |
| 5:26 | Staff of Teleportation |
| 5:37 | Mechanical Critter |
| 5:37 | Mechanical Critter |
| 5:51 | Guard Tower |
| 5:52 | Scout Tower |
| 5:54 | Mechanical Critter |
| 5:54 | Mechanical Critter |
| 5:56 | Mechanical Critter |
| 5:56 | Mechanical Critter |
| 6:12 | Arcane Vault |
| 6:14 | Mechanical Critter |
| 6:20 | Mechanical Critter |
| 6:33 | Guard Tower |
| 6:40 | Arcane Vault |
| 6:45 | Mechanical Critter |
| 6:45 | Mechanical Critter |
| 6:57 | Mechanical Critter |
| 7:18 | Mechanical Critter |
| 7:18 | Mechanical Critter |
| 7:22 | Mechanical Critter |
| 7:39 | Arcane Vault |
| 7:41 | Arcane Vault |
| 7:44 | Mechanical Critter |
| 7:51 | Mechanical Critter |
| 7:51 | Mechanical Critter |
| 8:17 | Mechanical Critter |
| 8:20 | Mechanical Critter |
| 8:22 | Mechanical Critter |
| 8:22 | Mechanical Critter |
| 8:48 | Arcane Vault |
| 8:50 | Arcane Vault |
| 8:52 | Mechanical Critter |
| 8:53 | Mechanical Critter |
| 8:54 | Mechanical Critter |
| 9:14 | Mechanical Critter |
| 9:16 | Mechanical Critter |
| 9:16 | Mechanical Critter |
| 9:17 | Mechanical Critter |
| 9:17 | Mechanical Critter |
| 9:22 | Mechanical Critter |
| 9:37 | Mechanical Critter |
| 9:37 | Mechanical Critter |
| 9:37 | Mechanical Critter |
| 9:49 | Arcane Vault |
| 9:55 | Arcane Vault |
| 9:56 | Mechanical Critter |
| 9:57 | Mechanical Critter |
| 10:04 | Mechanical Critter |
| 10:04 | Mechanical Critter |
| 10:04 | Mechanical Critter |
| 10:13 | Mechanical Critter |
| 10:14 | Mechanical Critter |
| 10:16 | Mechanical Critter |
| 10:16 | Mechanical Critter |
| 10:23 | Mechanical Critter |
| 10:23 | Mechanical Critter |
| 10:25 | Mechanical Critter |
| 10:25 | Mechanical Critter |
| 10:26 | Mechanical Critter |
| 10:27 | Mechanical Critter |
| 10:29 | Mechanical Critter |
| 10:30 | Mechanical Critter |
| 10:43 | Mechanical Critter |
| 10:55 | Mechanical Critter |
| 10:56 | Mechanical Critter |
| 10:58 | Mechanical Critter |
| 10:58 | Mechanical Critter |
| 11:05 | Mechanical Critter |
| 11:05 | Mechanical Critter |
| 11:10 | Arcane Vault |
| 11:13 | Arcane Vault |
| 11:15 | Mechanical Critter |
| 11:18 | Mechanical Critter |
| 12:01 | Mechanical Critter |
| 12:02 | Mechanical Critter |
| 12:03 | Mechanical Critter |
| 12:08 | Mechanical Critter |
| 12:15 | Mechanical Critter |
| 12:28 | Mechanical Critter |
| 12:29 | Mechanical Critter |
| 12:29 | Mechanical Critter |
| 12:42 | Mechanical Critter |
| 12:43 | Mechanical Critter |
| 12:48 | Mechanical Critter |
| 12:49 | Mechanical Critter |
| 12:50 | Mechanical Critter |
| 12:57 | Mechanical Critter |
| 12:58 | Mechanical Critter |
| 12:59 | Mechanical Critter |
| 13:06 | Mechanical Critter |
| 13:06 | Mechanical Critter |
| 13:06 | Mechanical Critter |
| 13:08 | Mechanical Critter |
| 13:15 | Mechanical Critter |
| 13:15 | Mechanical Critter |
| 13:15 | Mechanical Critter |
| 13:22 | Mechanical Critter |
| 13:22 | Mechanical Critter |
| 13:23 | Mechanical Critter |
| 13:23 | Mechanical Critter |
| 13:33 | Mechanical Critter |
| 13:33 | Mechanical Critter |
| 13:46 | Mechanical Critter |
| 13:47 | Mechanical Critter |
| 13:47 | Mechanical Critter |
| 13:58 | Mechanical Critter |
| 13:59 | Mechanical Critter |
| 14:00 | Mechanical Critter |
| 14:09 | Mechanical Critter |
| 14:10 | Mechanical Critter |
| 14:13 | Mechanical Critter |
| 14:25 | Mechanical Critter |
| 14:25 | Mechanical Critter |
| 14:27 | Mechanical Critter |
| 14:27 | Mechanical Critter |
| 14:29 | Mechanical Critter |
| 14:29 | Mechanical Critter |
| 14:48 | Mechanical Critter |
| 14:48 | Mechanical Critter |
| 14:49 | Mechanical Critter |
| 14:49 | Mechanical Critter |
| 14:56 | Mechanical Critter |
| 15:05 | Mechanical Critter |
| 15:05 | Mechanical Critter |
| 15:06 | Mechanical Critter |
| 15:06 | Mechanical Critter |
| 15:13 | Mechanical Critter |
| 15:13 | Mechanical Critter |
| 15:28 | Mechanical Critter |
| 15:29 | Mechanical Critter |
| 15:29 | Mechanical Critter |
| 15:35 | Mechanical Critter |
| 15:35 | Mechanical Critter |
| 15:35 | Mechanical Critter |
| 15:38 | Mechanical Critter |
| 15:38 | Mechanical Critter |
| 15:38 | Mechanical Critter |
| 16:28 | Mechanical Critter |
| 16:28 | Mechanical Critter |
| 16:31 | Mechanical Critter |
| 16:31 | Mechanical Critter |
| 16:38 | Mechanical Critter |
| 16:38 | Mechanical Critter |
| 16:40 | Mechanical Critter |
| 16:40 | Mechanical Critter |
| 17:11 | Scout Tower |
| 17:11 | Scout Tower |
| 17:11 | Scout Tower |
| 17:18 | Potion of Healing |
| 17:50 | Scout Tower |
| 17:52 | Scout Tower |
| 17:53 | Guard Tower |
| 17:54 | Scout Tower |
| 17:58 | Scout Tower |
| 18:00 | Scout Tower |
| 18:03 | Scout Tower |
| 18:17 | Guard Tower |
| 18:19 | Scout Tower |
| 18:21 | Guard Tower |
| 18:27 | Guard Tower |
| 18:29 | Scout Tower |
| 18:30 | Scout Tower |
| 18:30 | Scout Tower |
| 18:32 | Guard Tower |
| 18:37 | Scout Tower |
| 18:37 | Scout Tower |
| 18:38 | Scout Tower |
| 18:38 | Scout Tower |
| 18:38 | Scout Tower |
| 18:39 | Scout Tower |
| 18:43 | Guard Tower |
| 18:46 | Mechanical Critter |
| 18:47 | Mechanical Critter |
| 18:47 | Mechanical Critter |
| 18:51 | Mechanical Critter |
| 18:51 | Mechanical Critter |
| 18:53 | Mechanical Critter |
| 18:53 | Mechanical Critter |
| 18:56 | Mechanical Critter |
| 18:57 | Mechanical Critter |
| 18:57 | Mechanical Critter |
| 19:10 | Mechanical Critter |
| 19:10 | Mechanical Critter |
| 19:12 | Mechanical Critter |
| 19:12 | Mechanical Critter |
| 19:13 | Mechanical Critter |
| 19:19 | Mechanical Critter |
| 19:19 | Mechanical Critter |
| 19:20 | Mechanical Critter |
| 19:22 | Mechanical Critter |
| 19:22 | Mechanical Critter |
| 19:22 | Mechanical Critter |
| 19:29 | Guard Tower |
| 19:37 | Guard Tower |
| 19:44 | Guard Tower |
| 20:05 | Mechanical Critter |
| 20:06 | Mechanical Critter |
| 20:06 | Mechanical Critter |
| 20:07 | Mechanical Critter |
| 20:08 | Mechanical Critter |
| 20:08 | Mechanical Critter |
| 20:16 | Mechanical Critter |
| 20:21 | Guard Tower |
| 20:26 | Guard Tower |
| 20:38 | Improved Masonry |
| 20:39 | Advanced Masonry |
| 20:46 | Mechanical Critter |
| 20:49 | Mechanical Critter |
| 20:50 | Mechanical Critter |
| 20:56 | Mechanical Critter |
| 20:57 | Mechanical Critter |
| 21:01 | Guard Tower |
| 21:08 | Guard Tower |
| 21:13 | Mechanical Critter |
| 21:13 | Mechanical Critter |
| 21:20 | Mechanical Critter |
| 21:24 | Mechanical Critter |
| 21:30 | Mechanical Critter |
| 21:40 | Mechanical Critter |
| 21:40 | Mechanical Critter |
| 21:41 | Mechanical Critter |
| 21:47 | Mechanical Critter |
| 21:49 | Mechanical Critter |
| 21:54 | Mechanical Critter |
| 22:01 | Mechanical Critter |
| 22:02 | Mechanical Critter |
| 22:04 | Mechanical Critter |
| 22:04 | Mechanical Critter |
| 22:12 | Mechanical Critter |
| 22:18 | Mechanical Critter |
| 22:20 | Mechanical Critter |
| 22:28 | Mechanical Critter |
| 22:30 | Mechanical Critter |
| 22:35 | Mechanical Critter |
| 22:42 | Mechanical Critter |
| 22:45 | Mechanical Critter |
| 22:54 | Mechanical Critter |
| 22:55 | Mechanical Critter |
| 22:57 | Mechanical Critter |
| 22:57 | Mechanical Critter |
| 23:17 | Mechanical Critter |
| 23:17 | Mechanical Critter |
| 24:11 | Healing Spray |
| 24:35 | Mechanical Critter |
| 24:35 | Mechanical Critter |
| 24:36 | Mechanical Critter |
| 24:39 | Mechanical Critter |
| 24:39 | Mechanical Critter |
| 24:39 | Mechanical Critter |
| 24:41 | Mechanical Critter |
| 24:41 | Mechanical Critter |
| 25:05 | Lesser Clarity Potion |
| 25:05 | Mechanical Critter |
| 25:07 | Mechanical Critter |
| 25:07 | Mechanical Critter |
| 25:14 | Mechanical Critter |
| 25:15 | Mechanical Critter |
| 25:15 | Mechanical Critter |
| 26:03 | Town Hall |
| 27:02 | Mechanical Critter |
| 27:02 | Mechanical Critter |
| 27:03 | Mechanical Critter |
| 27:03 | Mechanical Critter |
| 27:04 | Mechanical Critter |
| 27:05 | Mechanical Critter |
| 27:05 | Mechanical Critter |
| 27:44 | Chemical Rage |
| 28:20 | Scout Tower |
| 28:21 | Scout Tower |
| 28:21 | Scout Tower |
| 28:21 | Scout Tower |
| 28:22 | Scout Tower |
| 28:23 | Scout Tower |
| 28:23 | Scout Tower |
| 28:24 | Scout Tower |
| 28:24 | Scout Tower |
| 28:25 | Scout Tower |
| 28:25 | Scout Tower |
| 28:26 | Scout Tower |
| 28:26 | Scout Tower |
| 28:26 | Scout Tower |
| 28:27 | Scout Tower |
| 28:27 | Scout Tower |
| 28:28 | Scout Tower |
| 28:29 | Scout Tower |
| 28:29 | Scout Tower |
| 28:29 | Scout Tower |
| 28:30 | Scout Tower |
| 28:30 | Scout Tower |
| 29:20 | Guard Tower |
| 29:48 | Castle |
| 29:51 | Imbued Masonry |
| 30:04 | Guard Tower |
| 30:11 | Guard Tower |
| 30:15 | Guard Tower |
| 30:43 | Guard Tower |
| 35:19 | Healing Spray |
| 38:55 | Guard Tower |
| Right click | 3028 |
| Select | 999 |
| Build/train/purchase | 658 |
| Chat | 239 |
| Misc. action | 46 |
| Resource trade | 41 |
| Use ability | 23 |
| Select group | 12 |
| Assign group | 5 |
| Item give/drop | 4 |
| Esc | 2 |
| Minimap ping | 1 |



| Rod of Necromancy | 1 | 150 |
| Sacrificial Skull | 1 | 50 |
| Lesser Clarity Potion | 1 | 70 |
| Potion of Healing | 3 | 450 |
| Potion of Mana | 2 | 400 |
| Orb of Corruption | 1 | 375 |
| Scroll of Town Portal | 4 | 1400 |
| Potion of Lesser Invulnerability | 2 | 300 |
| Scroll of Regeneration | 1 | 100 |
| total: | 16 | 3295g |
| Acolyte | 32 | 2400 | / | 0 |
| Ghoul | 12 | 1440 | / | 0 |
| Frost Wyrm | 18 | 6930 | / | 2160 |
| Gargoyle | 3 | 525 | / | 90 |
| Crypt Fiend | 14 | 3010 | / | 560 |
| total: | 79 | 14305g | / | 2810w |
| Nerubian Tower | 2 | 200 | / | 40 |
| Spirit Tower | 4 | 580 | / | 160 |
| Crypt | 3 | 600 | / | 150 |
| Altar of Darkness | 1 | 180 | / | 50 |
| Ziggurat | 14 | 2100 | / | 700 |
| Tomb of Relics | 1 | 130 | / | 30 |
| Graveyard | 1 | 215 | / | 0 |
| Necropolis | 6 | 1350 | / | 0 |
| Sacrificial Pit | 1 | 75 | / | 150 |
| Boneyard | 5 | 875 | / | 1000 |
| Halls of the Dead | 1 | 320 | / | 210 |
| Black Citadel | 1 | 325 | / | 230 |
| total: | 32 | 5525g | / | 2080w |
| 0:05 | Acolyte |
| 0:05 | Acolyte |
| 0:10 | Crypt |
| 0:13 | Altar of Darkness |
| 0:35 | Ziggurat |
| 0:43 | Acolyte |
| 0:43 | Acolyte |
| 1:01 | Tomb of Relics |
| 1:15 | Ghoul |
| 1:22 | Ghoul |
| 1:37 | Ziggurat |
| 1:52 | Ghoul |
| 2:03 | Ghoul |
| 2:04 | Ghoul |
| 2:11 | Ghoul |
| 2:11 | Ghoul |
| 2:36 | Ghoul |
| 3:03 | Rod of Necromancy |
| 3:04 | Sacrificial Skull |
| 3:07 | Carrion Beetles |
| 3:17 | Ghoul |
| 3:46 | Ghoul |
| 3:56 | Graveyard |
| 4:27 | Impale |
| 4:33 | Halls of the Dead |
| 5:05 | Necropolis |
| 5:15 | Ziggurat |
| 5:35 | Ziggurat |
| 5:37 | Ziggurat |
| 6:01 | Creature Attack |
| 6:06 | Carrion Beetles |
| 6:40 | Acolyte |
| 6:40 | Acolyte |
| 6:40 | Acolyte |
| 6:40 | Acolyte |
| 6:40 | Acolyte |
| 6:44 | Nerubian Tower |
| 6:45 | Spirit Tower |
| 6:47 | Spirit Tower |
| 7:25 | Lesser Clarity Potion |
| 7:35 | Black Citadel |
| 8:02 | Sacrificial Pit |
| 8:36 | Death Coil |
| 8:38 | Potion of Healing |
| 8:39 | Potion of Mana |
| 8:42 | Impale |
| 8:50 | Ziggurat |
| 8:55 | Unholy Strength |
| 8:58 | Improved Creature Attack |
| 8:58 | Creature Carapace |
| 9:13 | Acolyte |
| 9:53 | Necropolis |
| 10:02 | Boneyard |
| 10:15 | Ghoul Frenzy |
| 10:17 | Boneyard |
| 10:20 | Boneyard |
| 10:24 | Boneyard |
| 10:33 | Boneyard |
| 10:40 | Advanced Creature Attack |
| 10:47 | Potion of Lesser Invulnerability |
| 10:56 | Frost Nova |
| 10:59 | Orb of Corruption |
| 11:37 | Frost Wyrm |
| 11:38 | Frost Wyrm |
| 11:41 | Frost Wyrm |
| 12:08 | Unholy Aura |
| 12:27 | Acolyte |
| 12:28 | Acolyte |
| 12:32 | Acolyte |
| 12:33 | Acolyte |
| 12:33 | Acolyte |
| 12:36 | Frost Wyrm |
| 12:39 | Freezing Breath |
| 12:50 | Ziggurat |
| 13:02 | Ziggurat |
| 13:14 | Improved Creature Carapace |
| 13:32 | Frost Wyrm |
| 14:00 | Frost Wyrm |
| 14:14 | Frost Armor |
| 14:23 | Acolyte |
| 14:45 | Advanced Creature Carapace |
| 14:46 | Frost Wyrm |
| 14:59 | Crypt |
| 15:05 | Crypt |
| 15:13 | Web |
| 15:30 | Death Coil |
| 16:18 | Frost Nova |
| 16:23 | Carrion Beetles |
| 16:25 | Frost Wyrm |
| 16:29 | Acolyte |
| 17:07 | Necropolis |
| 17:44 | Scroll of Town Portal |
| 18:01 | Acolyte |
| 18:01 | Acolyte |
| 18:02 | Acolyte |
| 18:02 | Acolyte |
| 19:24 | Frost Wyrm |
| 19:30 | Frost Wyrm |
| 19:31 | Frost Wyrm |
| 19:37 | Scroll of Regeneration |
| 20:09 | Gargoyle |
| 20:22 | Spirit Tower |
| 20:23 | Nerubian Tower |
| 20:52 | Death Pact |
| 21:15 | Acolyte |
| 21:19 | Ghoul |
| 21:23 | Ghoul |
| 21:27 | Scroll of Town Portal |
| 21:31 | Potion of Lesser Invulnerability |
| 21:43 | Gargoyle |
| 21:44 | Gargoyle |
| 21:52 | Necropolis |
| 23:09 | Crypt Fiend |
| 23:28 | Ziggurat |
| 23:31 | Ziggurat |
| 23:33 | Acolyte |
| 23:33 | Acolyte |
| 23:33 | Acolyte |
| 23:33 | Acolyte |
| 23:43 | Crypt Fiend |
| 23:56 | Crypt Fiend |
| 23:57 | Crypt Fiend |
| 24:00 | Ziggurat |
| 24:02 | Ziggurat |
| 24:05 | Ziggurat |
| 24:08 | Ziggurat |
| 24:25 | Crypt Fiend |
| 24:50 | Potion of Mana |
| 24:58 | Spirit Tower |
| 25:05 | Acolyte |
| 25:37 | Crypt Fiend |
| 25:45 | Frost Wyrm |
| 26:26 | Scroll of Town Portal |
| 26:27 | Potion of Healing |
| 26:29 | Potion of Healing |
| 27:09 | Locust Swarm |
| 28:05 | Frost Wyrm |
| 28:06 | Crypt Fiend |
| 28:09 | Crypt Fiend |
| 28:11 | Crypt Fiend |
| 28:21 | Necropolis |
| 29:29 | Crypt Fiend |
| 29:40 | Scroll of Town Portal |
| 29:58 | Acolyte |
| 29:58 | Acolyte |
| 29:58 | Acolyte |
| 29:59 | Acolyte |
| 29:59 | Acolyte |
| 30:08 | Frost Wyrm |
| 30:58 | Frost Armor |
| 31:19 | Crypt Fiend |
| 31:21 | Frost Wyrm |
| 32:03 | Crypt Fiend |
| 32:05 | Crypt Fiend |
| 34:30 | Crypt Fiend |
| 35:07 | Impale |
| 35:34 | Frost Wyrm |
| 35:35 | Frost Wyrm |
| 37:37 | Frost Nova |
| 38:05 | Frost Wyrm |
| 38:15 | Necropolis |
| 38:34 | Backpack |
| 38:36 | Burrow |
| 38:37 | Stone Form |
| 38:37 | Cannibalize |
| 38:46 | Improved Unholy Strength |
| 38:46 | Unholy Armor |
| 39:23 | Spiked Carapace |
| 39:27 | Death Coil |
| Right click | 1042 |
| Select | 642 |
| Build/train/purchase | 174 |
| Chat | 102 |
| Use ability | 70 |
| Resource trade | 17 |
| Remove unit | 5 |
| Misc. action | 4 |
| Item give/drop | 3 |
| Esc | 2 |
206 units @ 30.9k
/ 3.9k
132 buildings @ 16.6k
/ 8.1k

| Potion of Mana | 1 | 200 |
| Potion of Healing | 1 | 150 |
| Scroll of Town Portal | 2 | 700 |
| Scroll of Healing | 2 | 500 |
| total: | 6 | 1550g |
| Acolyte | 3 | 225 | / | 0 |
| Ghoul | 12 | 1440 | / | 0 |
| Crypt Fiend | 2 | 430 | / | 80 |
| Abomination | 3 | 720 | / | 210 |
| Gargoyle | 1 | 175 | / | 30 |
| total: | 21 | 2990g | / | 320w |
| Spirit Tower | 5 | 725 | / | 200 |
| Nerubian Tower | 5 | 500 | / | 100 |
| Ziggurat | 11 | 1650 | / | 550 |
| Altar of Darkness | 1 | 180 | / | 50 |
| Crypt | 1 | 200 | / | 50 |
| Tomb of Relics | 1 | 130 | / | 30 |
| Graveyard | 1 | 215 | / | 0 |
| Slaughterhouse | 1 | 140 | / | 135 |
| Halls of the Dead | 1 | 320 | / | 210 |
| Black Citadel | 1 | 325 | / | 230 |
| total: | 16 | 2515g | / | 815w |
| 0:07 | Ziggurat |
| 0:09 | Acolyte |
| 0:18 | Altar of Darkness |
| 0:40 | Crypt |
| 0:47 | Acolyte |
| 1:03 | Acolyte |
| 1:23 | Tomb of Relics |
| 1:43 | Ghoul |
| 1:44 | Ghoul |
| 2:03 | Graveyard |
| 2:23 | Carrion Beetles |
| 2:41 | Ghoul |
| 3:38 | Unholy Strength |
| 3:44 | Ziggurat |
| 4:07 | Halls of the Dead |
| 4:10 | Unholy Armor |
| 4:12 | Ghoul |
| 4:13 | Ghoul |
| 4:18 | Ziggurat |
| 4:22 | Ziggurat |
| 5:06 | Ghoul |
| 5:06 | Ghoul |
| 5:22 | Impale |
| 6:36 | Crypt Fiend |
| 6:36 | Crypt Fiend |
| 6:42 | Creature Attack |
| 6:45 | Improved Unholy Strength |
| 6:47 | Black Citadel |
| 6:54 | Slaughterhouse |
| 7:42 | Impale |
| 7:50 | Improved Unholy Armor |
| 7:52 | Ghoul |
| 7:52 | Ghoul |
| 8:10 | Scroll of Town Portal |
| 8:10 | Scroll of Town Portal |
| 8:40 | Spirit Tower |
| 9:30 | Ziggurat |
| 9:32 | Advanced Unholy Strength |
| 10:40 | Ghoul Frenzy |
| 10:40 | Ghoul |
| 10:42 | Ghoul |
| 10:51 | Ziggurat |
| 10:52 | Spirit Tower |
| 10:54 | Nerubian Tower |
| 11:26 | Advanced Unholy Armor |
| 11:44 | Ziggurat |
| 11:49 | Ziggurat |
| 11:54 | Ziggurat |
| 12:29 | Ziggurat |
| 12:38 | Ziggurat |
| 12:47 | Disease Cloud |
| 12:47 | Abomination |
| 12:55 | Spirit Tower |
| 13:20 | Nerubian Tower |
| 13:24 | Nerubian Tower |
| 13:27 | Nerubian Tower |
| 14:13 | Spirit Tower |
| 14:14 | Nerubian Tower |
| 14:20 | Abomination |
| 14:25 | Ghoul |
| 14:51 | Gargoyle |
| 15:46 | Abomination |
| 17:03 | Potion of Mana |
| 17:04 | Scroll of Healing |
| 17:04 | Scroll of Healing |
| 18:30 | Potion of Healing |
| 20:51 | Spiked Carapace |
| 22:58 | Carrion Beetles |
| 25:28 | Locust Swarm |
| 27:12 | Spiked Carapace |
| Right click | 1305 |
| Select | 233 |
| Build/train/purchase | 72 |
| Misc. action | 63 |
| Use ability | 20 |
| Resource trade | 10 |
| Minimap ping | 2 |
| Remove unit | 1 |


| Healing Salve | 2 | 200 |
| Scroll of Speed | 1 | 50 |
| total: | 3 | 250g |
| Peon | 22 | 1650 | / | 0 |
| Troll Headhunter | 15 | 2100 | / | 300 |
| Wind Rider | 21 | 5565 | / | 840 |
| Troll Berserker | 3 | 420 | / | 60 |
| Shaman | 5 | 650 | / | 100 |
| Tauren | 2 | 560 | / | 160 |
| Grunt | 2 | 400 | / | 0 |
| total: | 70 | 11345g | / | 1460w |
| Watch Tower | 29 | 3190 | / | 2320 |
| Altar of Storms | 2 | 360 | / | 100 |
| Orc Burrow | 8 | 1280 | / | 320 |
| Barracks | 2 | 360 | / | 100 |
| War Mill | 2 | 410 | / | 0 |
| Voodoo Lounge | 1 | 130 | / | 30 |
| Great Hall | 2 | 770 | / | 370 |
| Beastiary | 2 | 290 | / | 280 |
| Spirit Lodge | 1 | 150 | / | 150 |
| Tauren Totem | 1 | 135 | / | 155 |
| Stronghold | 1 | 315 | / | 190 |
| Fortress | 1 | 325 | / | 190 |
| total: | 50 | 7075g | / | 3825w |
| 0:03 | Peon |
| 0:04 | Peon |
| 0:06 | Peon |
| 0:21 | Altar of Storms |
| 0:37 | Orc Burrow |
| 0:43 | Peon |
| 0:51 | Barracks |
| 1:06 | Peon |
| 1:14 | Peon |
| 1:48 | Peon |
| 1:56 | War Mill |
| 2:09 | Orc Burrow |
| 2:15 | Orc Burrow |
| 2:22 | Peon |
| 2:47 | Wind Walk |
| 3:41 | Troll Headhunter |
| 3:44 | Steel Ranged Weapons |
| 4:10 | Peon |
| 4:10 | Peon |
| 4:13 | Troll Headhunter |
| 4:13 | Troll Headhunter |
| 4:24 | Voodoo Lounge |
| 4:45 | Steel Armor |
| 4:52 | Troll Headhunter |
| 5:11 | Troll Headhunter |
| 5:15 | Peon |
| 5:15 | Peon |
| 5:24 | Orc Burrow |
| 5:36 | Watch Tower |
| 6:16 | Stronghold |
| 6:23 | Watch Tower |
| 6:33 | Critical Strike |
| 6:48 | Watch Tower |
| 6:56 | Orc Burrow |
| 7:01 | Troll Headhunter |
| 7:01 | Troll Headhunter |
| 7:32 | Watch Tower |
| 7:44 | Great Hall |
| 7:55 | Watch Tower |
| 8:03 | Orc Burrow |
| 8:09 | Troll Headhunter |
| 8:19 | Healing Salve |
| 8:49 | Watch Tower |
| 8:51 | Troll Regeneration |
| 9:01 | Beastiary |
| 9:11 | Orc Burrow |
| 9:28 | Watch Tower |
| 10:23 | Orc Burrow |
| 10:29 | Watch Tower |
| 10:32 | Peon |
| 10:32 | Peon |
| 10:51 | Watch Tower |
| 10:54 | Peon |
| 11:01 | Peon |
| 11:02 | Peon |
| 11:03 | Peon |
| 11:20 | Watch Tower |
| 11:42 | Watch Tower |
| 11:50 | Troll Headhunter |
| 11:50 | Troll Headhunter |
| 11:55 | Watch Tower |
| 11:58 | Peon |
| 12:17 | Peon |
| 12:21 | Wind Rider |
| 12:21 | Wind Rider |
| 12:33 | Watch Tower |
| 12:47 | Thorium Ranged Weapons |
| 12:47 | Arcanite Ranged Weapons |
| 13:24 | Peon |
| 13:36 | War Mill |
| 13:47 | Watch Tower |
| 14:03 | Wind Rider |
| 14:03 | Wind Rider |
| 14:23 | Troll Headhunter |
| 14:27 | Wind Rider |
| 14:30 | Fortress |
| 14:35 | Healing Salve |
| 14:36 | Scroll of Speed |
| 15:01 | Watch Tower |
| 17:01 | Watch Tower |
| 17:18 | Berserker Upgrade |
| 17:24 | Wind Rider |
| 17:25 | Wind Rider |
| 17:25 | Wind Rider |
| 17:26 | Wind Rider |
| 17:46 | Spirit Lodge |
| 17:52 | Troll Headhunter |
| 17:52 | Troll Headhunter |
| 17:53 | Troll Headhunter |
| 17:53 | Troll Headhunter |
| 18:13 | Watch Tower |
| 18:31 | Chain Lighting |
| 19:23 | Wind Walk |
| 19:40 | Watch Tower |
| 19:43 | Troll Berserker |
| 19:43 | Troll Berserker |
| 19:43 | Troll Berserker |
| 20:00 | Watch Tower |
| 21:04 | Altar of Storms |
| 21:10 | Wind Rider |
| 21:11 | Wind Rider |
| 21:34 | Watch Tower |
| 21:38 | Watch Tower |
| 21:53 | Barracks |
| 21:56 | Shaman Adept Training |
| 22:08 | Beastiary |
| 22:28 | Wind Rider |
| 22:29 | Wind Rider |
| 22:50 | Watch Tower |
| 23:05 | Watch Tower |
| 23:07 | Shaman Master Training |
| 23:09 | Shaman |
| 23:09 | Shaman |
| 23:09 | Shaman |
| 23:09 | Shaman |
| 23:14 | Wind Rider |
| 23:14 | Wind Rider |
| 23:24 | Watch Tower |
| 24:15 | Watch Tower |
| 24:31 | Watch Tower |
| 24:40 | Watch Tower |
| 25:12 | Wind Rider |
| 25:15 | Wind Rider |
| 25:41 | Great Hall |
| 25:55 | Watch Tower |
| 26:26 | Tauren Totem |
| 26:28 | Shaman |
| 26:46 | Thorium Armor |
| 26:51 | Envenomed Spears |
| 27:20 | Watch Tower |
| 29:13 | Peon |
| 29:56 | Arcanite Armor |
| 30:03 | Spiked Barricades |
| 31:40 | Wind Rider |
| 31:40 | Wind Rider |
| 31:42 | Wind Rider |
| 31:42 | Wind Rider |
| 32:06 | Improved Spiked Barricades |
| 32:10 | Tauren |
| 33:41 | Tauren |
| 34:03 | Grunt |
| 34:04 | Grunt |
| 37:36 | Mirror Image |
| Right click | 1684 |
| Select group | 602 |
| Select | 435 |
| Build/train/purchase | 114 |
| Misc. action | 113 |
| Assign group | 44 |
| Use ability | 14 |
| Minimap ping | 9 |
| Chat | 9 |
| Esc | 5 |



| Potion of Healing | 2 | 300 |
| Scroll of Regeneration | 3 | 300 |
| Lesser Clarity Potion | 3 | 210 |
| Staff of Sanctuary | 2 | 500 |
| Scroll of Town Portal | 3 | 1050 |
| total: | 13 | 2360g |
| Peasant | 36 | 2700 | / | 0 |
| Footman | 6 | 810 | / | 0 |
| Gryphon Rider | 14 | 3920 | / | 980 |
| Priest | 14 | 1890 | / | 140 |
| Flying Machine | 7 | 700 | / | 210 |
| Dragonhawk Rider | 3 | 600 | / | 90 |
| Sorceress | 2 | 310 | / | 40 |
| Siege Engine | 2 | 390 | / | 120 |
| total: | 84 | 11320g | / | 1580w |
| Scout Tower | 21 | 630 | / | 420 |
| Arcane Tower | 3 | 210 | / | 150 |
| Guard Tower | 12 | 840 | / | 600 |
| Altar of Kings | 1 | 180 | / | 50 |
| Farm | 11 | 880 | / | 220 |
| Barracks | 1 | 160 | / | 60 |
| Town Hall | 6 | 2310 | / | 1230 |
| Lumber Mill | 1 | 120 | / | 0 |
| Blacksmith | 1 | 140 | / | 60 |
| Arcane Vault | 2 | 260 | / | 60 |
| Gryphon Aviary | 3 | 420 | / | 450 |
| Arcane Sanctum | 2 | 300 | / | 280 |
| Workshop | 2 | 280 | / | 280 |
| Keep | 2 | 640 | / | 420 |
| Castle | 1 | 360 | / | 210 |
| total: | 51 | 5680g | / | 3110w |
| 0:06 | Peasant |
| 0:08 | Altar of Kings |
| 0:15 | Peasant |
| 0:22 | Farm |
| 0:26 | Barracks |
| 0:27 | Peasant |
| 0:41 | Peasant |
| 0:54 | Peasant |
| 1:02 | Farm |
| 1:03 | Peasant |
| 1:12 | Peasant |
| 1:17 | Peasant |
| 1:28 | Footman |
| 1:39 | Footman |
| 1:43 | Farm |
| 1:55 | Peasant |
| 2:05 | Footman |
| 2:08 | Summon Water Elemental |
| 2:23 | Footman |
| 2:25 | Peasant |
| 3:01 | Peasant |
| 3:01 | Footman |
| 3:02 | Farm |
| 3:32 | Peasant |
| 3:43 | Peasant |
| 3:43 | Footman |
| 3:57 | Brilliance Aura |
| 4:04 | Town Hall |
| 4:07 | Scout Tower |
| 4:28 | Arcane Tower |
| 4:30 | Peasant |
| 4:31 | Scout Tower |
| 4:33 | Lumber Mill |
| 4:42 | Peasant |
| 5:09 | Arcane Tower |
| 5:25 | Keep |
| 5:35 | Peasant |
| 5:45 | Blacksmith |
| 5:47 | Scout Tower |
| 5:52 | Peasant |
| 5:54 | Scout Tower |
| 5:55 | Peasant |
| 6:05 | Summon Water Elemental |
| 6:08 | Improved Masonry |
| 6:17 | Guard Tower |
| 6:20 | Arcane Vault |
| 6:21 | Peasant |
| 6:22 | Guard Tower |
| 6:24 | Scout Tower |
| 6:47 | Scout Tower |
| 6:51 | Peasant |
| 6:51 | Guard Tower |
| 7:00 | Iron Forged Swords |
| 7:03 | Peasant |
| 7:05 | Farm |
| 7:05 | Farm |
| 7:38 | Guard Tower |
| 7:58 | Castle |
| 8:00 | Advanced Masonry |
| 8:14 | Potion of Healing |
| 8:15 | Scroll of Regeneration |
| 8:16 | Lesser Clarity Potion |
| 8:21 | Scroll of Town Portal |
| 8:23 | Gryphon Aviary |
| 8:29 | Gryphon Aviary |
| 8:37 | Scroll of Regeneration |
| 8:41 | Lesser Clarity Potion |
| 8:50 | Lesser Clarity Potion |
| 8:55 | Storm Bolt |
| 9:01 | Gryphon Aviary |
| 9:08 | Studded Leather Armor |
| 9:39 | Brilliance Aura |
| 9:50 | Arcane Sanctum |
| 9:52 | Arcane Sanctum |
| 10:11 | Reinforced Leather Armor |
| 10:14 | Farm |
| 10:14 | Farm |
| 10:23 | Gryphon Rider |
| 10:36 | Gryphon Rider |
| 10:40 | Thunder Clap |
| 10:47 | Peasant |
| 10:53 | Priest |
| 11:10 | Animal War Training |
| 11:20 | Improved Lumber Harvesting |
| 11:24 | Priest Adept Training |
| 11:30 | Peasant |
| 11:30 | Peasant |
| 11:40 | Magic Sentry |
| 11:42 | Scout Tower |
| 11:52 | Peasant |
| 11:55 | Dragonhide Armor |
| 12:03 | Scout Tower |
| 12:04 | Scout Tower |
| 12:26 | Priest Master Training |
| 12:59 | Town Hall |
| 13:07 | Scroll of Town Portal |
| 13:12 | Arcane Tower |
| 13:19 | Priest |
| 13:23 | Peasant |
| 13:25 | Peasant |
| 13:54 | Gryphon Rider |
| 14:01 | Peasant |
| 14:12 | Peasant |
| 14:14 | Gryphon Rider |
| 14:15 | Gryphon Rider |
| 14:18 | Staff of Sanctuary |
| 14:27 | Workshop |
| 14:36 | Peasant |
| 14:36 | Peasant |
| 14:56 | Priest |
| 14:57 | Storm Hammers |
| 14:58 | Gryphon Rider |
| 14:59 | Farm |
| 15:02 | Guard Tower |
| 15:03 | Scout Tower |
| 15:12 | Peasant |
| 15:13 | Scout Tower |
| 16:07 | Gryphon Rider |
| 16:09 | Storm Bolt |
| 16:33 | Farm |
| 16:35 | Priest |
| 16:36 | Steel Forged Swords |
| 17:20 | Priest |
| 17:22 | Gryphon Rider |
| 17:25 | Summon Water Elemental |
| 17:45 | Flying Machine |
| 17:53 | Farm |
| 17:55 | Mithril Forged Swords |
| 18:26 | Flying Machine |
| 18:26 | Flying Machine |
| 18:27 | Flying Machine |
| 18:29 | Dragonhawk Rider |
| 18:58 | Flying Machine |
| 19:08 | Thunder Clap |
| 19:31 | Flak Cannons |
| 19:32 | Dragonhawk Rider |
| 19:37 | Scroll of Town Portal |
| 20:02 | Black Gunpowder |
| 20:04 | Mass Teleport |
| 20:19 | Storm Bolt |
| 20:25 | Sorceress |
| 21:10 | Dragonhawk Rider |
| 21:41 | Refined Gunpowder |
| 21:47 | Flying Machine Bombs |
| 21:49 | Workshop |
| 22:13 | Priest |
| 22:15 | Arcane Vault |
| 22:17 | Brilliance Aura |
| 22:18 | Avatar |
| 22:43 | Priest |
| 22:53 | Scout Tower |
| 22:53 | Scout Tower |
| 22:54 | Scout Tower |
| 23:19 | Guard Tower |
| 23:21 | Scout Tower |
| 23:21 | Scout Tower |
| 23:21 | Scout Tower |
| 23:22 | Guard Tower |
| 23:24 | Thunder Clap |
| 23:27 | Priest |
| 23:31 | Blizzard |
| 23:38 | Priest |
| 23:45 | Guard Tower |
| 23:55 | Gryphon Rider |
| 24:24 | Guard Tower |
| 24:44 | Town Hall |
| 24:59 | Flying Machine |
| 25:37 | Sorceress |
| 25:38 | Gryphon Rider |
| 26:36 | Priest |
| 26:37 | Gryphon Rider |
| 26:44 | Bash |
| 27:11 | Holy Light |
| 27:30 | Blizzard |
| 28:10 | Scout Tower |
| 28:11 | Scout Tower |
| 28:17 | Gryphon Rider |
| 28:36 | Flying Machine |
| 28:40 | Guard Tower |
| 28:41 | Scout Tower |
| 28:42 | Scout Tower |
| 29:07 | Guard Tower |
| 29:09 | Town Hall |
| 29:17 | Divine Shield |
| 30:16 | Town Hall |
| 30:18 | Town Hall |
| 30:51 | Holy Light |
| 31:01 | Bash |
| 31:05 | Blizzard |
| 31:08 | Gryphon Rider |
| 31:09 | Priest |
| 31:17 | Priest |
| 31:53 | Staff of Sanctuary |
| 32:03 | Priest |
| 32:11 | Siege Engine |
| 32:31 | Peasant |
| 32:31 | Peasant |
| 32:31 | Peasant |
| 32:31 | Peasant |
| 33:05 | Potion of Healing |
| 33:06 | Scroll of Regeneration |
| 33:37 | Siege Engine |
| 33:38 | Priest |
| 34:10 | Gryphon Rider |
| 35:03 | Devotion Aura |
| Right click | 2321 |
| Select group | 2246 |
| Select | 829 |
| Build/train/purchase | 279 |
| Use ability | 159 |
| Misc. action | 143 |
| Assign group | 112 |
| Chat | 52 |
| Minimap ping | 6 |
| Item give/drop | 5 |
| Esc | 2 |
| Remove unit | 1 |

| Footman | 9 | 1215 | / | 0 |
| Rifleman | 18 | 3690 | / | 540 |
| Peasant | 4 | 300 | / | 0 |
| total: | 31 | 5205g | / | 540w |
| Scout Tower | 3 | 90 | / | 60 |
| Guard Tower | 2 | 140 | / | 100 |
| Altar of Kings | 1 | 180 | / | 50 |
| Farm | 8 | 640 | / | 160 |
| Barracks | 1 | 160 | / | 60 |
| Lumber Mill | 1 | 120 | / | 0 |
| Blacksmith | 1 | 140 | / | 60 |
| total: | 15 | 1330g | / | 390w |
| 0:10 | Altar of Kings |
| 0:14 | Farm |
| 0:19 | Barracks |
| 0:32 | Lumber Mill |
| 1:41 | Farm |
| 2:02 | Footman |
| 2:04 | Footman |
| 2:11 | Footman |
| 2:28 | Thunder Clap |
| 2:28 | Storm Bolt |
| 2:30 | Storm Bolt |
| 2:58 | Farm |
| 4:45 | Blacksmith |
| 4:54 | Footman |
| 4:56 | Footman |
| 4:58 | Footman |
| 5:21 | Footman |
| 6:11 | Rifleman |
| 6:39 | Farm |
| 8:02 | Storm Bolt |
| 8:52 | Rifleman |
| 8:52 | Rifleman |
| 8:53 | Rifleman |
| 8:54 | Rifleman |
| 9:04 | Scout Tower |
| 9:46 | Guard Tower |
| 9:52 | Scout Tower |
| 10:32 | Guard Tower |
| 10:40 | Farm |
| 11:27 | Rifleman |
| 11:30 | Footman |
| 11:42 | Farm |
| 12:37 | Rifleman |
| 14:29 | Rifleman |
| 14:29 | Rifleman |
| 14:29 | Rifleman |
| 14:29 | Rifleman |
| 14:37 | Peasant |
| 14:59 | Farm |
| 16:14 | Rifleman |
| 16:14 | Rifleman |
| 16:22 | Peasant |
| 17:21 | Peasant |
| 17:21 | Peasant |
| 17:26 | Rifleman |
| 17:26 | Rifleman |
| 17:26 | Rifleman |
| 17:30 | Footman |
| 17:40 | Farm |
| 17:48 | Scout Tower |
| 19:33 | Rifleman |
| 19:33 | Rifleman |
| Right click | 154 |
| Select | 114 |
| Build/train/purchase | 44 |
| Use ability | 5 |
⇛